 Dungeon Crawl Stone Soup version 0.21.1-1-g345015f (webtiles) character file.

133 batai666 the Sneak (level 4, 0/21 HPs)
             Began as a Spriggan Enchanter on Mar 4, 2018.
             Slain by an orc
             ... wielding a +0 trident
              (2 damage)
             ... on level 3 of the Dungeon.
             The game lasted 00:18:51 (3838 turns).

batai666 the Sneak (Spriggan Enchanter)             Turns: 3838, Time: 00:18:52

Health: 0/21       AC:  3    Str:  4    XL:     4   Next: 93%
Magic:  8/10       EV: 18    Int: 17    God:
Gold:   84         SH:  0    Dex: 16    Spells: 4/10 levels left

rFire    . . .     SeeInvis +   a - +1 dagger
rCold    . . .     Gourm    .   (shield restricted)
rNeg     . . .     Faith    .   b - +1 robe
rPois    .         Spirit   .   (helmet restricted)
rElec    .         Reflect  .   (no cloak)
rCorr    .         Harm     .   (gloves unavailable)
MR       .....                  (boots unavailable)
Stlth    +++.......             (no amulet)
HPRegen  0.07/turn              (no ring)
MPRegen  0.12/turn              (no ring)

@: very quick
A: very small, unfitting armour, see invisible, herbivore, speed 3, slow
metabolism 2
a: no special abilities


You were on level 3 of the Dungeon.
You were not hungry.

You visited 1 branch of the dungeon, and saw 3 of its levels.

You collected 84 gold pieces.

Inventory:

Hand Weapons
 a - a +1 dagger (weapon)
 p - a +0 short sword
 q - a +0 long sword
Armour
 b - a +1 robe (worn)
Jewellery
 m - an uncursed ring of flight
Scrolls
 g - a scroll of teleportation {unknown}
 i - a scroll of amnesia {unknown}
 k - a scroll of enchant weapon {unknown}
 n - a scroll of remove curse {unknown}
 r - a scroll of enchant armour
 s - a scroll of immolation {unknown}
Potions
 e - 3 potions of lignification
 f - a potion of brilliance {unknown}
 h - a potion of curing {unknown}
 j - a potion of resistance
 l - a potion of haste {unknown}
 o - a potion of heal wounds {unknown}
 t - a potion of might {unknown}
 u - a potion of flight {unknown}
Books
 c - a book of Maledictions

   Spells                             Type                      Level
   a - Corona                         Hexes                        1
   b - Ensorcelled Hibernation        Hexes/Ice                    2
   c - Confuse                        Hexes                        3
   d - Tukima's Dance                 Hexes                        3
   e - Dazzling Spray                 Conjuration/Hexes            3
Comestibles
 d - 4 rations


   Skills:
 + Level 0.0 Fighting
 * Level 2.9 Short Blades
 - Level 3.0 Dodging
 * Level 6.0 Stealth
 + Level 3.8 Spellcasting
 + Level 4.4 Hexes


You had 4 spell levels left.
You knew the following spells:

 Your Spells              Type           Power        Failure   Level  Hunger
a - Corona                Hex            ###....      2%          1    None
b - Ensorcelled Hibernat  Hex/Ice        ##....       10%         2    ##.....
c - Confuse               Hex            ###.....     8%          3    ###....


Dungeon Overview and Level Annotations

Branches:
Dungeon (3/15)

Altars:


Innate Abilities, Weirdness & Mutations

You are very small and have problems with some larger weapons.
You are too small for most types of armour.
You have supernaturally acute eyesight. (SInv)
You are a herbivore.
You cover ground extremely quickly.
You need consume almost no food.


Message History

You hit the jackal.
The jackal is severely wounded.
The jackal misses you. The jackal closely misses you.
The orc closely misses you. The jackal closely misses you.
The jackal bites you but does no damage.
You hit the jackal.
The jackal is almost dead.
The orc hits you from afar with a trident!
* * * LOW HITPOINT WARNING * * *
The jackal bites you.
* * * LOW HITPOINT WARNING * * *
The jackal closely misses you.
Okay, then.
As you read the scroll labeled COXAOS RIJAESH, it crumbles to dust.
It is a scroll of enchant armour.
Your +0 robe glows green for a moment.
The jackal bites you but does no damage.
The jackal misses you.
The orc hits you from afar with a trident.
You die...

#####..#.............o......
##.#..............######
#(..(............# #
##...............# ##
#.(#######'###.... .# #..#
#.# #### .# #..# #o# ### .#
#..# #h#o..# .# ###.####


#@hoh.+ .#####..>...# ###o..# ......#.....# ...# ............# ..# #.....#.....#
..# #.....####### .# #.....# h# #.....# #.....# You could see an orc wizard, 3
orcs and 3 jackals.

Vanquished Creatures
  Terence (D:2)
  4 adders
  An ooze (D:1)
  2 worms
  A dart slug (D:1)
  3 leopard geckos
  5 bats
  2 giant cockroaches
  7 goblins
  2 hobgoblins
  8 jackals (D:2)
  9 kobolds
  A quokka (D:3)
  2 frilled lizards
  9 rats
57 creatures vanquished.

Notes
Turn   | Place    | Note
-------+----------+-------------------------------------------
     0 | D:1      | batai666 the Spriggan Enchanter began the quest for the Orb.
     0 | D:1      | Reached XP level 1. HP: 9/9 MP: 5/5
   339 | D:1      | Reached XP level 2. HP: 10/13 MP: 6/6
   343 | D:1      | Learned a level 2 spell: Ensorcelled Hibernation
  1549 | D:2      | Reached skill level 5 in Stealth
  1549 | D:2      | Reached XP level 3. HP: 16/16 MP: 8/8
  1554 | D:2      | Learned a level 3 spell: Confuse
  2980 | D:2      | Noticed Terence
  2984 | D:2      | Killed Terence
  2984 | D:2      | Reached XP level 4. HP: 21/21 MP: 8/10
  3559 | D:3      | Reached skill level 6 in Stealth
  3838 | D:3      | Slain by an orc

Skill      XL: |  1  2  3  4 |
---------------+-------------+-----
Spellcasting   | 3 |  3.8
Hexes          | 4 |  4.4
Stealth        | 5 6 |  6.0
Short Blades   | 2 |  2.9
Dodging        | |  3.0

Action                   |  1- 3 |  4- 6 || total
-------------------------+-------+-------++-------
Melee: Dagger            |   193 |    77 ||   270
 Cast: Corona            |     4 |       ||     4
       Ensorcelled Hiber |    22 |    10 ||    32
       Confuse           |     7 |     7 ||    14
  Use: Scroll            |     3 |     1 ||     4
 Stab: Sleeping          |    16 |     5 ||    21
       Distracted        |     1 |     1 ||     2
       Confused          |       |     3 ||     3
  Eat: Ration            |     1 |     1 ||     2
Armor: Robe              |    36 |     7 ||    43
Dodge: Dodged            |   171 |    79 ||   250
